 Dungeon Crawl Stone Soup version 0.20.1-1-g8b1a95d (webtiles) character file.

511 equalderp2856 the Chopper (level 6, -14/56 HPs)
             Began as a Minotaur Fighter on Aug 9, 2017.
             Splashed by Ijyb's acid (15 damage)
             ... on level 4 of the Dungeon.
             The game lasted 00:08:16 (3805 turns).

equalderp2856 the Chopper (Minotaur Fighter)        Turns: 3805, Time: 00:08:17

Health: -14/56     AC:  3    Str: 20    XL:     6   Next: 99%
Magic:  5/5        EV:  8    Int:  5    God:
Gold:   99         SH: 10    Dex: 12    Spells: 4/5 levels left

rFire    . . .     SeeInvis .   a - +0 war axe
rCold    . . .     Gourm    .   c - +0 shield
rNeg     . . .     Faith    .   b - +0 scale mail
rPois    .         Spirit   .   (helmet restricted)
rElec    .         Reflect  .   (no cloak)
rCorr    .         Harm     .   (no gloves)
MR       .....                  (no boots)
Stlth    ..........             (no amulet)
Regen    0.2/turn               (no ring)
MPRegen  0.1/turn               (no ring)

@: corroded
A: retaliatory headbutt, horns 2
a: no special abilities


You were on level 4 of the Dungeon.
You were not hungry.

You visited 1 branch of the dungeon, and saw 4 of its levels.

You collected 99 gold pieces.

Inventory:

Hand Weapons
 a - a +0 war axe (weapon)
 B - a cursed +0 short sword
 I - a +2 dagger of venom
 K - a +0 hunting sling
 L - a +0 short sword of speed
Missiles
 w - 55 stones (quivered)
 y - 61 sling bullets
 E - 6 poisoned needles
 G - 28 bolts
 H - 24 arrows
 J - 6 javelins
Armour
 b - a +0 scale mail (worn)
 c - a +0 shield (worn)
 h - a +0 cloak
 x - a +0 pair of gloves
 z - a +0 robe
 A - a +0 chain mail
Jewellery
 N - an uncursed amulet of the gourmand
Wands
 F - a wand of confusion (18/48)
Scrolls
 i - 3 scrolls of remove curse {unknown}
 k - a scroll of fear {unknown}
 l - 3 scrolls of enchant armour {unknown}
 p - 3 scrolls of immolation {unknown}
 r - a scroll of blinking {unknown}
 v - a scroll of fog {unknown}
 M - a scroll of teleportation {unknown}
 Q - a scroll of identify
Potions
 d - a potion of might
 e - 3 potions of resistance
 j - 2 potions of haste {unknown}
 m - 2 potions of heal wounds
 n - a potion of berserk rage {unknown}
 o - a potion of brilliance {unknown}
 s - a potion of cancellation {unknown}
 t - a potion of magic {unknown}
 D - a potion of flight {unknown}
 P - a potion of degeneration {unknown}
Books
 q - Vehumet's Compendium of Conjuration
   (You found it on level 2 of the Dungeon)

   Spells                             Type                      Level
   a - Magic Dart                     Conjuration                  1
Comestibles
 f - 5 bread rations
 g - 2 meat rations
 u - 6 fruits
 C - 2 royal jellies
 O - 2 chunks of flesh


   Skills:
 + Level 5.0 Fighting
 + Level 5.9 Axes
 + Level 5.4 Armour
 + Level 1.3 Dodging
 + Level 0.1 Stealth
 + Level 5.1 Shields


You had 4 spell levels left.
You knew the following spells:

 Your Spells              Type           Power        Failure   Level  Hunger
a - Magic Dart            Conj           #...         99%         1    ##.....


Dungeon Overview and Level Annotations

Branches:
Dungeon (4/15)
 Temple: D:4-7

Altars:
Ashenzari
Gozag
Kikubaaqudgha
Nemelex Xobeh
Sif Muna
Vehumet

Annotations:
D:4 Agrougrou's ghost, amateur OgMo; Ijyb


Innate Abilities, Weirdness & Mutations

You reflexively headbutt those who attack you in melee.
You have a pair of horns on your head.


Message History

i - 3 scrolls labeled WOCUL CEM TEOM (gained 1)
j - 2 silvery potions (gained 1)
Found 3 fruits.
Q - a scroll of identify Ijyb the Twisted Goblin comes into view.
Ijyb shouts!
You block Ijyb's attack.
You slash Ijyb! Your headbutt misses Ijyb.
Ijyb is moderately wounded.
Ijyb zaps a wand.
The bolt of acid hits you! The acid corrodes you!
You are splashed with acid!
The acid burns!
It is a wand of acid (?/15).
You hit Ijyb but do no damage.
Ijyb is moderately wounded.
Ijyb hits you.
You hit Ijyb.
Ijyb is heavily wounded.
Ijyb zaps a wand.
The bolt of acid hits you!
* * * LOW HITPOINT WARNING * * *
You are splashed with acid!
The acid burns!
You die...

######## #......#
#......#
#######......######
.....##...........######
.....'..................
.....#.###......@g%##
........##.........#
<###+..+######+#+#.# .#
....# .# .# ♣♣PPP♣ # .#
.PP♣♣ .# ♣.♣♣ .# ##


You could see Ijyb.

Vanquished Creatures
  A sky beast (D:3)
  An ogre (D:4)
  A bullfrog (D:4)
  2 orc priests (D:3)
  A hound (D:4)
  A gnoll (D:1)
  6 adders
  2 oozes (D:1)
  An adder skeleton (D:4)
  3 worms
  5 dart slugs (D:1)
  2 leopard geckos
  9 orcs
  9 bats
  6 giant cockroaches
  4 hobgoblins
  4 jackals (D:2)
  A quokka (D:3)
  3 frilled lizards
  6 goblins
  6 kobolds
  A leopard gecko skeleton (D:4)
  27 rats
102 creatures vanquished.

Notes
Turn   | Place    | Note
-------+----------+-------------------------------------------
     0 | D:1      | equalderp2856 the Minotaur Fighter began the quest for the Orb.
     0 | D:1      | Reached XP level 1. HP: 19/19 MP: 0/0
    69 | D:1      | Reached XP level 2. HP: 23/27 MP: 1/1
   444 | D:1      | Reached XP level 3. HP: 29/33 MP: 2/2
   755 | D:2      | Found a radiant altar of Vehumet.
   759 | D:2      | Identified Vehumet's Compendium of Conjuration
   786 | D:2      | Learned a level 1 spell: Magic Dart
   803 | D:2      | Found an ancient bone altar of Kikubaaqudgha.
   804 | D:2      | Found a deep blue altar of Sif Muna.
   866 | D:2      | Found an opulent altar of Gozag.
   878 | D:2      | Reached XP level 4. HP: 41/41 MP: 3/3
  1048 | D:2      | Found a sparkling altar of Nemelex Xobeh.
  1404 | D:3      | Noticed a sky beast
  1414 | D:3      | Killed a sky beast
  1414 | D:3      | Reached XP level 5. HP: 22/47 MP: 4/4
  1698 | D:3      | Found a shattered altar of Ashenzari.
  1980 | D:3      | Reached skill level 1 in Dodging
  2459 | D:4      | Reached skill level 5 in Axes
  2459 | D:4      | Reached skill level 5 in Shields
  2459 | D:4      | Reached XP level 6. HP: 28/55 MP: 5/5
  2599 | D:4      | Noticed Agrougrou's ghost (amateur OgMo)
  2622 | D:4      | HP: 1/55 [Agrougrou's ghost (15)]
  2875 | D:3      | Reached skill level 5 in Fighting
  3382 | D:3      | Reached skill level 5 in Armour
  3799 | D:4      | Noticed Ijyb
  3805 | D:4      | HP: 1/56 [Ijyb/wand of acid (?/15) (26)]
  3805 | D:4      | Splashed by Ijyb's acid

Skill      XL: |  1  2  3  4  5  6 |
---------------+-------------------+-----
Fighting       | 4 5 |  5.0
Shields        | 4 5 |  5.1
Armour         | 4 5 |  5.4
Axes           | 3 4 5 |  5.9
Dodging        | 1 |  1.3
Stealth        | |  0.1

Action                   |  1- 3 |  4- 6 || total
-------------------------+-------+-------++-------
Melee: War axe           |    71 |   155 ||   226
       Headbutt          |     9 |    26 ||    35
  Use: Scroll            |       |     3 ||     3
  Eat: Chunk             |       |     9 ||     9
Armor: Scale mail        |    60 |    54 ||   114
Dodge: Dodged            |    44 |    53 ||    97
Block: Shield            |    65 |    84 ||   149
